 Dungeon Crawl Stone Soup version 0.19.0-26-g9e9c210 (webtiles) character file.

773598 BaronBadger the Executioner (level 27, -2/288 HPs)
             Began as a Deep Dwarf Fighter on Nov 23, 2016.
             Was the Champion of Makhleb.
             Killed from afar by Asmodeus (17 damage)
             ... with damnation
             ... on level 7 of Gehenna.
             The game lasted 02:50:05 (56597 turns).

BaronBadger the Executioner (Deep Dwarf Fighter)   Turns: 56597, Time: 02:50:06

Health: -2/288     AC: 45    Str: 25    XL:     27
Magic:  29/29      EV: 34    Int:  8    God:    Makhleb [******]
Gold:   2652       SH: 21    Dex: 35    Spells: 0 memorised, 26 levels left

rFire  + + +     SeeInvis .     O - +9 broad axe (chop)
rCold  + + +     Gourm    .     u - +11 gold dragon scales
rNeg   + + +     Faith    .     p - +2 shield of Resistance {rF+ rC+ MR+}
rPois  +         Spirit   .     w - +0 helmet "Qarph" {rN++ Dex+4 Slay+2}
rElec  .         Reflect  .     k - +0 cloak of Modesty {rPois rC+ MP+9 Dex+2}
rCorr  +         Harm     .     P - +0 pair of gloves "Nimen" {rC+ Slay+2}
MR     +++++                    D - +2 pair of boots {run}
Stlth  +.........               F - macabre finger necklace {rN+}
                                g - ring of Keatz {rF+ EV+3 Int-2 Dex+3}
                                C - ring of Voiqoehe {rCorr MR+}
                                V - ring of Pigezoz {rF+ rC+ Int-3}

@: mighty, agile, non-regenerating, quick
A: damage resistance, recharge devices, negative energy resistance 1, sense
surroundings 3, poison resistance, slow regeneration 3, sturdy frame 1
a: Device Recharging, Minor Destruction, Lesser Servant of Makhleb, Major
Destruction, Greater Servant of Makhleb, Renounce Religion
}: 6/15 runes: decaying, slimy, silver, iron, abyssal, gossamer


You were on level 7 of Gehenna.
You worshipped Makhleb.
Makhleb was exalted by your worship.
You were not hungry.

You visited 14 branches of the dungeon, and saw 68 of its levels.
You visited the Abyss 1 time.
You also visited: Labyrinth, Ossuary and Ice Cave.

You collected 7989 gold pieces.
You spent 5337 gold pieces at shops.

Inventory:

Hand Weapons
 f - a +0 executioner's axe of freezing
 O - a +9 broad axe of chopping (weapon)
 Q - a +3 broad axe of flaming
 T - a +5 war axe of holy wrath
Armour
 k - the +0 cloak of Modesty (worn) {rPois rC+ MP+9 Dex+2}
   (You acquired it on level 5 of the Vaults)

   It affects your dexterity (+2).
   It protects you from cold.
   It protects you from poison.
   It affects your magic capacity (+9).
 p - the +2 shield of Resistance (worn) {rF+ rC+ MR+}
   (You bought it in a shop on level 4 of the Dungeon)

   It protects you from fire.
   It protects you from cold.
   It affects your resistance to hostile enchantments.
 u - +11 gold dragon scales (worn)
 w - the +0 helmet "Qarph" (worn) {rN++ Dex+4 Slay+2}
   (You bought it in a shop on level 1 of the Vaults)

   It affects your dexterity (+4).
   It affects your accuracy and damage with ranged weapons and melee attacks
   (+2).
   It greatly protects you from negative energy.
 D - a +2 pair of boots of running (worn)
 P - the +0 pair of gloves "Nimen" (worn) {rC+ Slay+2}
   (You bought it in a shop on level 4 of the Dungeon)

   It affects your accuracy and damage with ranged weapons and melee attacks
   (+2).
   It protects you from cold.
Jewellery
 g - the ring of Keatz (right hand) {rF+ EV+3 Int-2 Dex+3}
   (You took it off a deep elf death mage on level 3 of the Elven Halls)

   [ring of evasion]

   It affects your evasion (+3).
   It affects your intelligence (-2).
   It affects your dexterity (+3).
   It protects you from fire.
 h - the amulet of the Special Hells {Spirit rPois Str+2 Int-4, unknown}
   (You found it on level 7 of Gehenna)

   [amulet of guardian spirit]

   It causes incoming damage to be split between your health and magic.
   It affects your strength (+2).
   It affects your intelligence (-4).
   It protects you from poison.
 t - a +2 ring of evasion
 y - the ring "Bugrud" {rF+ MR+ Str+4}
   (You found it on level 3 of the Swamp)

   [ring of strength]

   It affects your strength (+4).
   It protects you from fire.
   It affects your resistance to hostile enchantments.
 C - the ring of Voiqoehe (left hand) {rCorr MR+}
   (You found it on level 1 of the Elven Halls)

   [ring of resist corrosion]

   It affects your resistance to hostile enchantments.
 F - the macabre finger necklace (around neck) {rN+}
   (You found it on level 14 of the Dungeon)

   [amulet of nothing]

   It protects you from negative energy.
 S - the ring of Qaorob {+Fly MR+ Int+2 SInv}
   (You took it off a deep elf demonologist on level 3 of the Elven Halls)

   [ring of flight]

   It affects your intelligence (+2).
   It affects your resistance to hostile enchantments.
   It lets you see invisible.
   It lets you fly.
 V - the ring of Pigezoz (on amulet) {rF+ rC+ Int-3}
   (You found it on level 3 of the Elven Halls)

   [ring of intelligence]

   It affects your intelligence (-3).
   It protects you from fire.
   It protects you from cold.
Wands
 e - a wand of heal wounds (2/9)
 q - a wand of digging (18/24)
Scrolls
 b - 5 scrolls of summoning
 i - 2 scrolls of magic mapping
 n - a scroll of recharging
 v - 17 scrolls of teleportation
 B - 3 scrolls of holy word
 E - 32 scrolls of remove curse
Potions
 c - 6 potions of heal wounds
 d - 4 potions of might
 j - 7 potions of haste
 l - 3 potions of cure mutation
 m - 6 potions of resistance
 s - 2 potions of flight
 z - 18 potions of curing
 I - a potion of ambrosia
 R - 2 potions of cancellation
Comestibles
 o - 32 meat rations
 r - 27 bread rations


   Skills:
 * Level 24.4 Fighting
 + Level 24.7 Axes
 + Level 22.7 Armour
 + Level 22.5 Dodging
 + Level 16.2 Stealth
 + Level 22.6 Shields
 - Level 10.7 Evocations


You had 26 spell levels left.
You didn't know any spells.

Dungeon Overview and Level Annotations

Branches:
Dungeon (15/15)            Temple (1/1) D:7            Lair (6/6) D:8
  Swamp (4/4) Lair:4       Spider (4/4) Lair:2        Slime (5/5) Lair:6
    Orc (2/2) D:11            Elf (3/3) Orc:2        Vaults (5/5) D:14
  Crypt (3/3) Vaults:2       Tomb (0/3) Crypt:3      Depths (5/5) D:15
   Hell (1/1)                 Dis (7/7) Hell            Geh (7/7) Hell
    Coc (0/7) Hell            Tar (0/7) Hell            Zot (0/5) Depths:5

Altars:
Ashenzari
Cheibriados
Gozag
Hepliaklqana
Kikubaaqudgha
Makhleb
Nemelex Xobeh
Ru
Uskayaw
Vehumet
Xom
Yredelemnul
Zin
The Shining One

Shops:
D:4 [   D:10 [   Orc:2 ([[=   Vaults:1 [   Vaults:4 (*   Vaults:5 ?!?%%??%
Depths:5 :(

Portals:
Hell: Depths:1 Depths:2 Depths:3 Depths:4 Depths:5
Abyss: Depths:3 Depths:4 Depths:5
Pandemonium: Depths:3 Depths:5
Ziggurat: Depths:1

Annotations:
Elf:2 1 runed door
Geh:7 Asmodeus


Innate Abilities, Weirdness & Mutations

You are resistant to damage.
You can recharge devices by infusing magical energy.
You resist negative energy. (rN+)
You passively map a large area around you.
You do not regenerate.
Your system is resistant to poisons. (rPois)
Your movements are slightly less encumbered by armour. (ER -2)


Message History

The bolt of fire hits the Brimstone Fiend.
The Brimstone Fiend completely resists.
The bolt of fire hits Asmodeus.
Asmodeus completely resists.
The bolt of fire misses you.
You catch the helpless Asmodeus completely off-guard!
You carve Asmodeus like a ham!!!
Asmodeus is heavily wounded.
You are engulfed in roaring flames.
You resist. You block Asmodeus's attack.
Unknown command.
Unknown command.
Unknown command.
You slash Asmodeus!
Asmodeus is heavily wounded.
You are engulfed in roaring flames.
You resist.
Unknown command.
You slice Asmodeus!!
Asmodeus is severely wounded.
You are engulfed in roaring flames.
You resist. Asmodeus gestures at you.
The sphere of damnation explodes!
The damnation engulfs you!
You die...

≈≈≈≈≈≈§§§§§##'##≈≈≈≈≈≈≈≈≈≈≈≈,,,,,
≈§≈≈≈≈§§≈≈≈#...#§§≈≈§≈≈≈≈≈≈≈≈≈,,,
≈≈≈≈≈§≈≈≈§≈#...#§≈≈≈≈≈≈≈≈≈≈≈≈≈≈,,
≈≈≈≈≈§≈§≈≈≈#...#≈≈≈≈≈≈≈≈≈≈≈≈≈≈≈≈,
≈############'##≈≈≈≈≈≈≈≈≈≈≈≈≈≈≈≈≈
≈* #..........#**********≈≈≈≈≈≈≈≈
≈* #.........)####*#### *≈≈≈≈≈≈≈≈
≈###......)...#.§#2...# *≈≈≈≈≈≈≈≈
##.'..........#.@&1R..# *≈≈≈≈≈≈≈≈
.#.'..........#.§#R...#*******≈≈≈
.#.#..........#..#§...#,,,,*,*≈≈≈
.#.############..#,,..#,,,,*,*≈≈≈
.#.').........#..#,,,.#,,,,*≈*≈≈≈
'#.')....####.#..#*++*#,,,,,,*≈≈≈
.###.....#).'.#..#,,,,*,,,,,,*≈≈≈
.###.....#.|'.#..#,,,,*,,,,,,*≈≈≈
...'.....####.#..#,,,,+,,,,,,*≈≈≈


You could see Asmodeus, a Brimstone Fiend, a balrug and 2 efreet.

Vanquished Creatures
  the Royal Jelly (Slime:5)
  the Serpent of Hell (Dis:7)
  Dispater (Dis:7)
  An ancient lich (Crypt:3)
  2 juggernauts
  Sojobo (Vaults:3)
  the Lernaean hydra (Swamp:4)
  Frederick (Crypt:2)
  Margery (Vaults:3)
  A curse toe (Crypt:3)
  Geryon (Hell)
  4 golden dragons
  2 profane servitors
  Nikola (Vaults:3)
  A bone dragon (Depths:5)
  15 Brimstone Fiends
  5 iron giants (Dis:7)
  4 Ice Fiends
  6 tentacled monstrosities
  The ghost of Enish the Brawler, an adept NaEE of Ashenzari (Spider:3)
  7 Hell Sentinels
  3 liches
  3 deep elf master archers
  2 deep elf blademasters (Elf:3)
  6 titans (Vaults:5)
  6 quicksilver dragons
  An Executioner (Dis:6)
  2 eldritch tentacles
  17 acid blobs
  6 sphinxes
  14 ancient champions
  A thorn hunter (Swamp:1)
  8 tentacled starspawn
  11 tengu reavers
  A storm dragon (Vaults:2)
  2 revenants (Crypt:1)
  5 shadow dragons
  Roxanne (Swamp:3)
  A daeva (Depths:1)
  11 fire giants
  9 azure jellies
  7 deep elf sorcerers
  9 iron dragons
  15 frost giants
  16 vault wardens
  2 cacodemons
  10 balrugs
  2 draconian shifters
  4 ghost moths
  10 ghouls
  2 angels
  5 deep elf elementalists
  An orc warlord (Orc:2)
  13 ironheart preservers
  7 emperor scorpions
  A curse skull (Crypt:1)
  3 spriggan defenders
  9 war gargoyles
  3 caustic shrike skeletons (Crypt:3)
  29 very ugly things
  15 large abominations
  27 reapers
  17 vampire knights
  28 stone giants
  2 ophanim (Abyss:3)
  8 entropy weavers
  8 deep elf demonologists (Elf:3)
  A draconian caller (Depths:5)
  A lorocyproca (Abyss:3)
  A mottled draconian (Abyss:2)
  2 yellow draconians (Depths:5)
  4 deep elf annihilators
  2 red draconians (Depths:5)
  11 deep elf death magi
  8 spark wasps
  A blizzard demon (Abyss:2)
  17 ettins
  A merfolk impaler (Depths:2)
  A green death (Depths:1)
  A quicksilver dragon zombie (Dis:6)
  7 deep elf high priests
  Josephine (D:10)
  4 eidola
  4 fire dragons
  7 jiangshi
  4 death oozes (Slime:5)
  A fire dragon (shapeshifter) (Vaults:5)
  A minotaur (Lab)
  A mummy priest (Crypt:3)
  12 ogre magi
  17 yaktaur captains
  Fannar (Lair:1)
  15 great orbs of eyes
  10 rakshasas
  32 vault guards
  7 ghost crabs
  25 hydras
  10 ice dragons
  3 quicksilver dragon skeletons (Crypt:3)
  6 death knights
  7 spriggan air magi
  16 centaur warriors
  A catoblepas (D:13)
  40 dancing weapons
  15 alligators
  An anaconda (shapeshifter) (D:14)
  8 deep troll shamans
  6 deep troll earth magi
  4 tengu warriors
  5 titan zombies
  A queen ant (Spider:4)
  15 hell hogs
  A shock serpent (shapeshifter) (Depths:4)
  5 death yaks (Lair:4)
  6 iron golems
  16 thrashing horrors
  6 orc high priests
  Sonja (D:11)
  4 spriggan berserkers
  38 hell knights
  9 wretched stars
  10 vampire magi
  22 sun demons
  21 deep elf knights
  6 soul eaters
  6 titan skeletons
  2 storm dragon zombies
  2 cherubim (Abyss:3)
  67 skeletal warriors
  2 sixfirhies
  3 golden dragon zombies
  2 storm dragon skeletons
  4 iron trolls
  2 ghost moth zombies
  8 shadow wraiths
  4 anaconda zombies
  A deep troll (shapeshifter) (Depths:3)
  11 swamp dragons (Swamp:4)
  4 shadow dragon zombies
  10 flayed ghosts
  2 spriggan druids (Swamp:4)
  4 unseen horrors
  7 hill giants
  15 deep elf archers
  8 wizards
  A swamp dragon (shapeshifter) (Vaults:5)
  7 glowing orange brains
  The ghost of syranez the Magician, a novice HEWz of Vehumet (D:9)
  22 orc knights
  A death drake (shapeshifter) (Abyss:3)
  28 deep trolls
  Pikel (D:8)
  A golden dragon skeleton (Hell)
  A lindwurm (D:14)
  An anaconda skeleton (Crypt:1)
  16 ironbrand convokers
  A shadow demon (Dis:2)
  An iron giant skeleton (Crypt:2)
  5 shambling mangroves
  A mana viper (shapeshifter) (Depths:4)
  29 necromancers
  An orb spider (shapeshifter) (Depths:3)
  12 wolf spider zombies
  12 phantasmal warriors
  3 harpies (Vaults:3)
  2 tengu skeletons
  A manticore (D:10)
  2 frost giant zombies
  37 ugly things
  5 orc sorcerers
  5 stone giant zombies
  6 shining eyes
  12 orb spiders
  31 wolf spiders
  A worldbinder (Abyss:3)
  64 deep elf magi
  4 shadow dragon skeletons
  5 salamanders (Depths:2)
  3 oklob plants (Lair:6)
  The ghost of equalderp2856 the Gouger, a novice FeFi (D:14)
  6 fire giant zombies
  A stone giant skeleton (Crypt:3)
  3 iron dragon zombies
  8 cyclopes
  4 moths of wrath
  2 moths of wrath (shapeshifter) (Depths:3)
  15 rust devils
  3 ice statues
  2 dire elephant zombies
  2 shock serpent zombies
  5 black mambas
  9 molten gargoyles
  An elephant (shapeshifter) (Vaults:5)
  2 iron dragon skeletons
  3 fire giant skeletons
  4 frost giant skeletons
  2 eyes of devastation
  A black mamba (shapeshifter) (D:14)
  16 vault sentinels
  A guardian serpent (shapeshifter) (Vaults:2)
  6 smoke demons
  Psyche (D:9)
  A naga mage (Vaults:3)
  2 torpor snails (shapeshifter)
  A torpor snail (Lair:1)
  7 orange demons
  15 spiny frogs
  A catoblepas zombie (Geh:3)
  7 gargoyles
  An emperor scorpion zombie (Hell)
  5 spectral swamp worms (Depths:5)
  2 apocalypse crabs
  5 centaur skeletons
  A kobold demonologist (D:14)
  A mottled draconian zombie (Crypt:3)
  2 yaktaurs (shapeshifter)
  2 spiny frogs (shapeshifter)
  63 yaktaurs
  16 hellions
  8 komodo dragons
  8 redback zombies (Spider:3)
  3 dire elephant skeletons
  3 efreet
  A catoblepas skeleton (Crypt:3)
  A red draconian skeleton (Crypt:1)
  A spark wasp simulacrum (Depths:4)
  17 ice devils
  9 freezing wraiths
  11 tormentors
  3 tengu conjurers
  The ghost of InterDimensionalOwl the Magician, a novice HEWz of Qazlal (D:4)
  11 demonic crawlers
  27 red devils
  A queen bee (shapeshifter) (Vaults:2)
  An entropy weaver simulacrum (Vaults:2)
  A green draconian skeleton (Crypt:3)
  A mottled draconian skeleton (Crypt:2)
  13 trolls
  2 hydra zombies
  15 ancient zymes
  A minotaur zombie (Geh:6)
  27 jumping spiders
  A jumping spider (shapeshifter) (Depths:3)
  11 tyrant leeches
  2 trolls (shapeshifter)
  A polar bear (shapeshifter) (D:14)
  3 polar bears
  36 hornets
  A two-headed ogre (shapeshifter) (D:14)
  17 two-headed ogres
  A shadow dragon simulacrum (Abyss:2)
  17 small abominations
  A hornet (shapeshifter) (Depths:1)
  12 tarantella zombies (Spider:3)
  25 blink frogs
  2 harpy skeletons
  6 bog bodies
  A dream sheep (shapeshifter) (Vaults:5)
  2 hydra skeletons
  A hippogriff (shapeshifter) (Depths:2)
  2 ice dragon zombies
  4 dream sheep (Lair:5)
  20 raiju
  100 slime creatures
  3 fire dragon zombies
  An alligator zombie (Hell)
  A minotaur skeleton (Crypt:1)
  14 hippogriffs
  64 flying skulls
  11 air elementals
  23 spriggans
  3 ettin zombies
  3 spriggans (shapeshifter)
  8 shadows
  A fire giant simulacrum (Abyss:3)
  A black mamba zombie (Dis:1)
  2 ice dragon skeletons (Crypt:3)
  26 tarantellas
  5 wyverns
  2 ettin skeletons (Crypt:3)
  2 fire dragon skeletons
  2 alligator skeletons
  22 yaks
  A vampire (D:13)
  71 redbacks
  2 fire bats (Geh:5)
  16 water elementals
  7 ynoxinuls
  2 basilisks (shapeshifter)
  Eustachio (D:4)
  2 black mamba skeletons
  2 yaks (shapeshifter)
  28 wraiths
  9 hungry ghosts
  8 basilisks
  15 fire elementals
  20 vampire mosquitoes
  7 golden eyes (Slime:5)
  4 neqoxecs
  2 chaos spawn (Abyss:3)
  An elf simulacrum (Depths:2)
  A harpy simulacrum (Crypt:2)
  2 mottled dragons
  20 swamp worms
  11 insubstantial wisps
  4 soldier ants (Spider:4)
  3 wargs
  A swamp worm (shapeshifter) (Depths:2)
  A water nymph zombie (Crypt:1)
  2 spiny frog zombies
  A hydra simulacrum (Hell)
  13 water moccasins
  7 porcupines
  Duvessa (D:6)
  A merfolk skeleton (Geh:7)
  36 hell hounds
  A faun skeleton (Crypt:1)
  2 floating eyes
  72 orc warriors
  14 swamp drakes
  4 spiny frog skeletons
  A slave (D:8)
  An elephant zombie (Crypt:3)
  15 ice beasts
  2 snapping turtle zombies
  An alligator simulacrum (Hell)
  5 phantoms
  5 eyes of draining
  4 sky beasts
  6 black bears
  11 necrophages
  61 ogres
  42 starcursed masses
  15 boggarts
  10 centaurs
  22 wolves
  9 crocodiles
  3 snapping turtle skeletons
  A draconian zombie (Crypt:2)
  A hog skeleton (Crypt:2)
  6 big kobolds
  2 wyvern zombies
  Blork the orc (D:6)
  A gnoll sergeant (D:12)
  3 elf zombies
  16 bullfrogs
  An elf skeleton (Crypt:3)
  An earth elemental (Elf:3)
  A spiny frog simulacrum (Hell)
  A tengu simulacrum (Depths:2)
  Dowan (D:6)
  A glowing shapeshifter simulacrum (Vaults:1)
  2 wyvern skeletons (D:11)
  A salamander skeleton (Crypt:3)
  A troll zombie (Dis:5)
  3 scorpions
  A snapping turtle simulacrum (Crypt:3)
  6 killer bees (D:11)
  A queen bee zombie (Crypt:1)
  45 wights
  An electric eel (D:13)
  8 howler monkeys
  A swamp dragon simulacrum (Abyss:3)
  A troll skeleton (Geh:3)
  16 crimson imps
  5 bullfrog zombies
  5 quasits
  8 hounds
  5 centaur zombies
  The ghost of equalderp2856 the Ducker, a weakling FeFi (D:3)
  A human zombie (Abyss:3)
  Crazy Yiuf (D:6)
  38 orc priests
  9 jellies
  A human skeleton (Crypt:3)
  21 iron imps
  Terence (D:2)
  27 orc wizards
  Natasha (twice) (D:2)
  8 iguanas
  2 yak simulacra (Lair:6)
  4 hell rats (Hell)
  2 polar bear simulacra (Lair:6)
  12 worker ants
  4 wolf simulacra (Lair:6)
  2 killer bee zombies (Ossuary)
  2 tengu zombies
  3 ogre zombies
  A big kobold zombie (Crypt:2)
  2 big kobold skeletons
  An ogre skeleton (Crypt:3)
  3 hound zombies (Ossuary)
  17 mummies
  2 howler monkey zombies
  2 worker ant zombies
  5 gnolls (D:12)
  12 adders
  3 river rats (D:8)
  A steam dragon skeleton (Crypt:2)
  3 shadow imps
  6 white imps
  An ooze (D:3)
  9 ufetubi
  3 adder zombies (Ossuary)
  An adder skeleton (D:9)
  4 leopard geckos
  125 orcs
  A ball python (D:3)
  14 bats
  3 giant cockroaches
  11 goblins
  6 hobgoblins
  26 jackals
  39 kobolds
  5 quokkas
  6 frilled lizards
  A frilled lizard skeleton (Crypt:2)
  A giant cockroach zombie (Ossuary)
  A jackal zombie (Ossuary)
  A kobold skeleton (Crypt:3)
  An orc skeleton (Crypt:3)
  2 quokka zombies (Ossuary)
  11 rats
  3 river rat simulacra (Lair:6)
  6 crawling corpses
  11 fungi
  7 plants
  10 starspawn tentacles
3510 creatures vanquished.

Vanquished Creatures (collateral kills)
  An entropy weaver (Spider:4)
1 creature vanquished.

Vanquished Creatures (others)
  An ettin (Depths:1)
  An ogre mage (Vaults:3)
  The ghost of XO4YCPATb the Thaumaturge, a journeyman FeFE (IceCv)
  A skeletal warrior (Dis:7)
  A hellion (Geh:1)
  A slime creature (Swamp:2)
  A shadow (Geh:3)
  A wraith (Geh:3)
  2 fire bats (Geh:5)
  A small abomination (Abyss:3)
  An ice beast (D:8)
  An orc warrior (Vaults:1)
  A slave (D:8)
  A boggart (Vaults:3)
  A bullfrog (D:8)
  2 wights
  A hound (D:8)
  An orc priest (D:14)
  An orc wizard (Orc:1)
  An iron imp (Dis:7)
  4 white imps
  5 ufetubi (IceCv)
  An orc (Orc:2)
  A crawling corpse (Elf:3)
  12 fungi
  A lurking horror (Abyss:3)
  7 plants
  8 starspawn tentacles (Abyss:3)
61 creatures vanquished.

Grand Total: 3572 creatures vanquished

Notes
Turn   | Place    | Note
-------+----------+-------------------------------------------
     0 | D:1      | BaronBadger the Deep Dwarf Fighter began the quest for the Orb.
     0 | D:1      | Reached XP level 1. HP: 20/20 MP: 1/1
   177 | D:1      | Reached XP level 2. HP: 27/27 MP: 2/2
   514 | D:2      | Reached XP level 3. HP: 27/34 MP: 3/3
   578 | D:2      | Noticed Natasha
   588 | D:2      | Killed Natasha
   602 | D:2      | Reached XP level 4. HP: 18/42 MP: 4/4
   779 | D:2      | Noticed Terence
   797 | D:2      | Killed Terence
   952 | D:2      | Noticed Natasha
   963 | D:2      | Killed Natasha
  1016 | D:3      | Reached XP level 5. HP: 33/49 MP: 5/5
  1163 | D:3      | Noticed equalderp2856's ghost (weakling FeFi)
  1206 | D:3      | Killed equalderp2856's ghost
  1824 | D:4      | Reached XP level 6. HP: 45/57 MP: 6/6
  1968 | D:4      | Reached skill level 5 in Axes
  1981 | D:4      | Found Xonir's Antique Armour Shop.
  2112 | D:4      | Noticed Eustachio
  2167 | D:4      | Killed Eustachio
  2167 | D:4      | Reached XP level 7. HP: 56/64 MP: 7/7
  2501 | D:4      | Noticed InterDimensionalOwl's ghost (novice HEWz)
  2511 | D:4      | Killed InterDimensionalOwl's ghost
  2511 | D:4      | Reached skill level 5 in Armour
  2511 | D:4      | Reached skill level 5 in Shields
  2647 | D:5      | Entered Level 5 of the Dungeon
  2786 | D:5      | Reached XP level 8. HP: 50/72 MP: 8/8
  2877 | D:5      | Gained mutation: You are robust. (+10% HP) [potion of mutation]
  2877 | D:5      | Gained mutation: You can translocate small distances at will. [potion of mutation]
  3188 | D:5      | Reached skill level 5 in Fighting
  3426 | D:6      | Found a runed door.
  3430 | D:6      | Noticed Crazy Yiuf
  3437 | D:6      | Killed Crazy Yiuf
  3446 | D:6      | Got a translucent mace
  3458 | D:6      | Identified the +4 mace "Wotum" {protect, *Noise MR+++ Int+3 Dex+3} (You found it on level 6 of the Dungeon)
  3530 | D:6      | Noticed Duvessa
  3531 | D:6      | Noticed Dowan
  3543 | D:6      | Killed Duvessa
  3553 | D:6      | Killed Dowan
  3674 | D:6      | Gained mutation: You passively map the area around you. [Deep Dwarf growth]
  3674 | D:6      | Reached XP level 9. HP: 89/89 MP: 9/9
  3697 | D:6      | Noticed Blork the orc
  3708 | D:6      | Killed Blork the orc
  4286 | D:7      | Found a shattered altar of Ashenzari.
  4367 | D:7      | Found a staircase to the Ecumenical Temple.
  4439 | D:7      | Found an ancient bone altar of Kikubaaqudgha.
  4544 | D:7      | Found a hazy altar of Hepliaklqana.
  4545 | D:7      | Found a shimmering altar of Xom.
  4546 | D:7      | Noticed a spectral ugly thing
  4592 | D:7      | Found a sand-covered staircase.
  4601 | Ossuary  | Entered an ossuary
  5024 | D:7      | Reached skill level 10 in Axes
  5078 | Temple   | Entered the Ecumenical Temple
  5085 | Temple   | Became a worshipper of Makhleb the Destroyer
  5191 | D:8      | Found a staircase to the Lair.
  5328 | D:8      | Found a hide-covered altar of Uskayaw.
  5341 | D:8      | Reached XP level 10. HP: 97/101 MP: 10/10
  5651 | D:8      | Reached * piety under Makhleb
  5729 | D:8      | Noticed Pikel
  5745 | D:8      | Killed Pikel
  6698 | D:9      | Found a faded altar of an unknown god.
  6698 | D:9      | Found a faded altar of an unknown god.
  6703 | D:9      | Found a faded altar of an unknown god.
  6705 | D:9      | Found a glowing silver altar of Zin.
  6707 | D:9      | Found a faded altar of an unknown god.
  7033 | D:9      | Found a glowing golden altar of the Shining One.
  7138 | D:9      | Noticed Psyche
  7152 | D:9      | Killed Psyche
  7184 | D:9      | Reached ** piety under Makhleb
  7243 | D:9      | Noticed syranez's ghost (novice HEWz)
  7274 | D:9      | Killed syranez's ghost
  7328 | D:10     | Entered Level 10 of the Dungeon
  7392 | D:10     | Reached XP level 11. HP: 110/110 MP: 11/11
  7500 | D:10     | Noticed Josephine
  7502 | D:10     | Reached *** piety under Makhleb
  7522 | D:10     | Killed Josephine
  7623 | D:10     | Found Upnasmoi's Antique Armour Emporium.
  7905 | D:10     | Gained mutation: Your movements are slightly less encumbered by armour. (ER -2) [mutagenic meat]
  7906 | D:10     | Gained mutation: You are partially covered in molten scales. (AC +2) [mutagenic meat]
  7908 | D:10     | Gained mutation: You are agile. (Dex +2) [mutagenic meat]
  7909 | D:10     | Gained mutation: Your spells are a little harder to cast, but a little more powerful. [mutagenic meat]
  8022 | D:11     | Noticed a hill giant
  8037 | D:11     | Killed a hill giant
  8194 | D:11     | Noticed a hill giant
  8207 | D:11     | Killed a hill giant
  8217 | D:11     | Reached skill level 10 in Armour
  8218 | D:11     | Reached **** piety under Makhleb
  8404 | D:11     | Noticed Sonja
  8474 | Lair:1   | Entered Level 1 of the Lair of Beasts
  8474 | Lair:1   | Noticed Fannar
  8497 | Lair:1   | Killed Fannar
  8497 | Lair:1   | Reached skill level 10 in Shields
  8497 | Lair:1   | Reached XP level 12. HP: 123/123 MP: 12/12
  8596 | Lair:1   | Reached skill level 1 in Evocations
  8645 | Lair:1   | Reached skill level 1 in Dodging
  9229 | Lair:2   | Reached ***** piety under Makhleb
  9315 | Lair:2   | Found a labyrinth entrance.
  9322 | Lab      | Entered a labyrinth
  9700 | Lab      | Found an exit through the horrors of the Abyss.
 10012 | Lab      | Noticed a minotaur
 10027 | Lab      | Killed a minotaur
 10100 | Lair:2   | Found a hole to the Spider Nest.
 11415 | Lair:4   | Reached XP level 13. HP: 133/133 MP: 16/16
 11418 | Lair:4   | Reached skill level 5 in Evocations
 11483 | Lair:4   | Found a staircase to the Swamp.
 12239 | Lair:5   | Reached skill level 5 in Dodging
 12400 | Lair:5   | Reached skill level 15 in Axes
 12447 | Lair:5   | Reached skill level 10 in Fighting
 12802 | Lair:5   | Identified a scroll of acquirement
 12803 | Lair:5   | Got a scorched broad axe
 12804 | Lair:5   | Identified the +4 broad axe of Fedhas's Esteem {antimagic, MR+ Int+5} (You acquired it on level 5 of the Lair of Beasts)
 12806 | Lair:6   | Entered Level 6 of the Lair of Beasts
 12989 | Lair:6   | Found a sparkling altar of Nemelex Xobeh.
 13171 | Lair:6   | Found a staircase to the Slime Pits.
 13316 | Lair:6   | Gained mutation: You resist negative energy. (rN+) [Deep Dwarf growth]
 13316 | Lair:6   | Reached XP level 14. HP: 101/145 MP: 6/19
 13377 | Lair:6   | Reached ****** piety under Makhleb
 14260 | D:4      | Bought the +2 shield of Resistance {rF+ rC+ MR+} for 1027 gold pieces
 14260 | D:4      | Bought a pair of shimmering gloves for 237 gold pieces
 14280 | D:4      | Identified the cursed +0 pair of gloves "Nimen" {rC+ Slay+2} (You bought it in a shop on level 4 of the Dungeon)
 14785 | D:11     | Found a staircase to the Orcish Mines.
 14800 | Orc:1    | Entered Level 1 of the Orcish Mines
 15433 | Orc:2    | Entered Level 2 of the Orcish Mines
 15433 | Orc:2    | Found a staircase to the Elven Halls.
 15496 | Orc:2    | Found a shimmering altar of Xom.
 15918 | Orc:2    | Noticed an orc warlord
 15951 | Orc:2    | Killed an orc warlord
 16590 | Orc:2    | Found Suinid's Jewellery Shoppe.
 16590 | Orc:2    | Found Asiasch's Weapon Shoppe.
 16591 | Orc:2    | Found Osucrog's Armour Shoppe.
 16591 | Orc:2    | Found Jastrerish's Armour Emporium.
 17191 | D:12     | Reached XP level 15. HP: 135/154 MP: 7/21
 17346 | D:12     | Found an opulent altar of Gozag.
 18184 | D:13     | Found a frozen archway.
 18215 | IceCv    | Entered an ice cave
 18233 | IceCv    | Killed XO4YCPATb's ghost
 19685 | D:14     | Found a gate to the Vaults.
 19997 | D:14     | Noticed equalderp2856's ghost (novice FeFi)
 20013 | D:14     | Killed equalderp2856's ghost
 20087 | D:14     | Reached skill level 10 in Evocations
 20841 | D:15     | Entered Level 15 of the Dungeon
 21019 | D:15     | Found a staircase to the Depths.
 21019 | D:15     | Noticed a frost giant
 21034 | D:15     | Killed a frost giant
 21215 | D:15     | Reached XP level 16. HP: 164/166 MP: 8/24
 21521 | D:11     | Gained mutation: Your muscles are strong. (Str +2) [potion of beneficial mutation]
 21673 | Spider:1 | Entered Level 1 of the Spider Nest
 21708 | Spider:1 | Reached skill level 10 in Dodging
 23912 | Spider:3 | Noticed Enish's ghost (adept NaEE)
 23991 | Spider:3 | Killed Enish's ghost
 24131 | Spider:4 | Entered Level 4 of the Spider Nest
 24363 | Spider:4 | Reached XP level 17. HP: 178/178 MP: 25/25
 25021 | Spider:4 | Got a gossamer rune of Zot
 25450 | Vaults:1 | Entered Level 1 of the Vaults
 25711 | Vaults:1 | Found Coizeiwe's Armour Emporium.
 25728 | Vaults:1 | Bought the cursed +0 helmet "Qarph" {rN++ Dex+4 Slay+2} for 429 gold pieces
 25728 | Vaults:1 | Bought a +2 pair of boots of running for 498 gold pieces
 26139 | Vaults:1 | Gained mutation: You passively map a large area around you. [Deep Dwarf growth]
 26139 | Vaults:1 | Reached XP level 18. HP: 191/191 MP: 26/26
 26752 | Vaults:2 | Found a basalt altar of Yredelemnul.
 26831 | Vaults:2 | Found a staircase to the Crypt.
 26957 | Vaults:2 | Reached skill level 15 in Armour
 27871 | Vaults:2 | Reached skill level 15 in Shields
 28088 | Vaults:3 | Noticed Margery
 28174 | Vaults:3 | Killed Margery
 28270 | Vaults:3 | Reached skill level 15 in Dodging
 28273 | Vaults:3 | Reached XP level 19. HP: 202/202 MP: 27/27
 28509 | Vaults:3 | Reached skill level 15 in Fighting
 28743 | Vaults:3 | Found a radiant altar of Vehumet.
 28844 | Vaults:3 | Got a translucent plate armour
 28857 | Vaults:3 | Identified the +2 plate armour of Refuge {rC- Str+9 Int+6} (You found it on level 3 of the Vaults)
 29044 | Vaults:3 | Noticed Sojobo
 29080 | Vaults:3 | Killed Sojobo
 29144 | Vaults:3 | Noticed Nikola
 29168 | Vaults:3 | Killed Nikola
 29572 | Vaults:4 | Found Ezuzafu's Assorted Antiques.
 29697 | Vaults:4 | Found Kyif's Antique Weapon Shop.
 30369 | Vaults:4 | Reached XP level 20. HP: 206/215 MP: 28/28
 30607 | Vaults:5 | Entered Level 5 of the Vaults
 30607 | Vaults:5 | Noticed a golden dragon
 30638 | Vaults:5 | Killed a golden dragon
 30880 | Vaults:5 | Got a warped lead ring
 30885 | Vaults:5 | Got a silver rune of Zot
 30999 | Vaults:5 | Found Muiluma's Magic Scroll Shoppe.
 31003 | Vaults:5 | Bought a scroll of enchant weapon for 105 gold pieces
 31003 | Vaults:5 | Bought a scroll of identify for 28 gold pieces
 31003 | Vaults:5 | Bought a scroll of identify for 28 gold pieces
 31003 | Vaults:5 | Bought 2 scrolls of identify for 56 gold pieces
 31004 | Vaults:5 | Identified the ring "Jilakiriok" {+Blink rN+ MR++} (You found it on level 5 of the Vaults)
 31009 | Vaults:5 | Found Xoyjahou's Distillery.
 31060 | Vaults:5 | Noticed a golden dragon
 31078 | Vaults:5 | Killed a golden dragon
 31140 | Vaults:5 | Found Ukhlups's Magic Scroll Emporium.
 31191 | Vaults:5 | Bought a scroll of acquirement for 728 gold pieces
 31191 | Vaults:5 | Bought a scroll of enchant armour for 105 gold pieces
 31191 | Vaults:5 | Bought a scroll of holy word for 105 gold pieces
 31191 | Vaults:5 | Bought a scroll of identify for 28 gold pieces
 31191 | Vaults:5 | Bought a scroll of enchant weapon for 105 gold pieces
 31228 | Vaults:5 | Found Orhim's Food Shoppe.
 31278 | Vaults:5 | Found Fehy's Food Boutique.
 31314 | Vaults:5 | Found Giny's Food Emporium.
 31323 | Vaults:5 | Found Iqaix's Magic Scroll Shop.
 31327 | Vaults:5 | Bought a scroll of magic mapping for 52 gold pieces
 31327 | Vaults:5 | Bought a scroll of enchant weapon for 112 gold pieces
 31359 | Vaults:5 | Found Gin Duyp's Magic Scroll Shoppe.
 31363 | Vaults:5 | Bought a scroll of magic mapping for 52 gold pieces
 31585 | Vaults:5 | Reached XP level 21. HP: 227/227 MP: 29/29
 32404 | Crypt:1  | Entered Level 1 of the Crypt
 33523 | Crypt:2  | Noticed Frederick
 33536 | Crypt:2  | Killed Frederick
 33924 | Crypt:2  | Found a basalt altar of Yredelemnul.
 33924 | Crypt:2  | Noticed a profane servitor
 33951 | Crypt:2  | Killed a profane servitor
 33951 | Crypt:2  | Reached XP level 22. HP: 242/242 MP: 30/30
 34243 | Crypt:3  | Entered Level 3 of the Crypt
 34676 | Crypt:3  | Found a staircase to the Tomb.
 34842 | Crypt:3  | Noticed an ancient lich
 34868 | Crypt:3  | Killed an ancient lich
 34932 | Crypt:3  | Noticed a curse toe
 34988 | Crypt:3  | Killed a curse toe
 36021 | Depths:1 | Entered Level 1 of the Depths
 36270 | Depths:1 | Found a gateway to Hell.
 36305 | Depths:1 | Found a gateway to a ziggurat.
 36962 | Depths:2 | Reached XP level 23. HP: 255/255 MP: 31/31
 37588 | Depths:3 | Paralysed by a floating eye for 3 turns
 37599 | Depths:3 | Paralysed by a floating eye for 2 turns
 37607 | Depths:3 | Paralysed by a floating eye for 3 turns
 37656 | Depths:3 | Found a one-way gate leading to the halls of Pandemonium.
 37664 | Depths:3 | Found a one-way gate to the infinite horrors of the Abyss.
 38006 | Depths:3 | Noticed a juggernaut
 38027 | Depths:3 | Killed a juggernaut
 38093 | Depths:3 | Identified Cascheeba's Reference Book on Ashen Attacks
 38568 | Depths:3 | Gained mutation: Your spells are harder to cast, but more powerful. [potion of beneficial mutation]
 38781 | Depths:4 | Reached XP level 24. HP: 267/267 MP: 31/31
 38907 | Depths:4 | Got an ancient golden ring
 38914 | Depths:4 | Identified the ring "Wafur" {rC+ Stlth+} (You found it on level 4 of the Depths)
 39881 | Depths:5 | Entered Level 5 of the Depths
 40307 | Depths:5 | Found a sparkling altar of Nemelex Xobeh.
 40389 | Depths:5 | Found Ixuintop's Weapon Shop.
 40391 | Depths:5 | Found Bujolear's Book Boutique.
 40648 | Depths:5 | Found a gate to the Realm of Zot.
 41308 | Swamp:1  | Entered Level 1 of the Swamp
 41374 | Swamp:1  | Reached XP level 25. HP: 280/280 MP: 31/31
 42674 | Swamp:3  | Noticed Roxanne
 42706 | Swamp:3  | Killed Roxanne
 42712 | Swamp:3  | Got a shimmering brass ring
 42715 | Swamp:3  | Identified the ring "Bugrud" {rF+ MR+ Str+4} (You found it on level 3 of the Swamp)
 42724 | Swamp:3  | Identified Roxanne's Disquisition on Moulding (You took it off Roxanne on level 3 of the Swamp)
 43509 | Swamp:4  | Entered Level 4 of the Swamp
 43666 | Swamp:4  | Noticed the 27-headed Lernaean hydra
 43682 | Swamp:4  | Killed the 19-headed Lernaean hydra
 43772 | Swamp:4  | Got a decaying rune of Zot
 44734 | Elf:1    | Entered Level 1 of the Elven Halls
 45980 | Elf:1    | Got a scorched silver ring
 46013 | Elf:1    | Identified the ring of Voiqoehe {rCorr MR+} (You found it on level 1 of the Elven Halls)
 46046 | Elf:2    | Got a flickering platinum ring
 46047 | Elf:2    | Identified the ring of Nade Eta {rN+ Int+6} (You found it on level 2 of the Elven Halls)
 46402 | Elf:2    | Found a runed door.
 46427 | Elf:2    | Found a runed door.
 47009 | Elf:3    | Entered Level 3 of the Elven Halls
 47403 | Elf:3    | Reached XP level 26. HP: 115/294 MP: 31/31
 47569 | Elf:3    | Gained mutation: Armour fits poorly on your strangely shaped body. [a neqoxec]
 47596 | Elf:3    | Got a polished war axe {freeze}
 47600 | Elf:3    | Got a heavily runed amethyst amulet
 47616 | Elf:3    | Identified the +3 war axe "Asemmosea" {freeze, *Noise +Blink rN+ MP+9 Dex+2} (You took it off a deep elf demonologist on level 3 of the Elven Halls)
 47617 | Elf:3    | Identified the amulet of Gastroho {Harm *Drain rElec Str-5 Dex+2 Stlth+} (You took it off a deep elf demonologist on level 3 of the Elven Halls)
 47682 | Elf:3    | Got a crude tin ring
 47720 | Elf:3    | Got a pitted cloak
 47724 | Elf:3    | Got a translucent marble ring
 47736 | Elf:3    | Got a vibrating lead ring
 47745 | Elf:3    | Got a polished plate armour
 47760 | Elf:3    | Identified the +9 plate armour of Serendipity {rC- rN+ MP+9 Int+5} (You found it on level 3 of the Elven Halls)
 47761 | Elf:3    | Identified the cursed +0 cloak of the Devil's Advocate {-Tele MR++ Str+3 Stlth+} (You found it on level 3 of the Elven Halls)
 47762 | Elf:3    | Identified the ring of Qaorob {+Fly MR+ Int+2 SInv} (You took it off a deep elf demonologist on level 3 of the Elven Halls)
 48047 | D:11     | Killed Sonja
 48251 | Slime:1  | Entered Level 1 of the Pits of Slime
 48431 | Slime:5  | Entered Level 5 of the Pits of Slime
 48465 | Slime:5  | Lost mutation: Armour fits poorly on your strangely shaped body. [a shining eye]
 48472 | Slime:5  | Lost mutation: Your spells are harder to cast, but more powerful. [a shining eye]
 48479 | Slime:5  | Paralysed by a floating eye for 3 turns
 48479 | Slime:5  | Gained mutation: Your system is resistant to poisons. (rPois) [a shining eye]
 48481 | Slime:5  | Lost mutation: Your spells are a little harder to cast, but a little more powerful. [a shining eye]
 48723 | Slime:5  | Identified the ring of Keatz {rF+ EV+3 Int-2 Dex+3} (You took it off a deep elf death mage on level 3 of the Elven Halls)
 48725 | Slime:5  | Identified the cursed ring of Pigezoz {rF+ rC+ Int-3} (You found it on level 3 of the Elven Halls)
 48847 | Slime:5  | Noticed the Royal Jelly
 48860 | Slime:5  | Killed the Royal Jelly
 48978 | Slime:5  | Got a slimy rune of Zot
 49774 | Vaults:5 | Bought a scroll of magic mapping for 52 gold pieces
 49774 | Vaults:5 | Bought a scroll of acquirement for 780 gold pieces
 49774 | Vaults:5 | Bought a scroll of identify for 30 gold pieces
 49774 | Vaults:5 | Bought a scroll of acquirement for 780 gold pieces
 49777 | Vaults:5 | Got a dazzling cloak
 49788 | Vaults:5 | Identified the +0 cloak of Modesty {rPois rC+ MP+9 Dex+2} (You acquired it on level 5 of the Vaults)
 50053 | Hell     | Entered the Vestibule of Hell
 50053 | Hell     | Noticed Geryon
 50078 | Hell     | Reached skill level 1 in Stealth
 50131 | Hell     | Killed Geryon
 50191 | Hell     | Found a gateway to the freezing wastes of Cocytus.
 50313 | Hell     | Found a gateway to the decaying netherworld of Tartarus.
 50349 | Hell     | Found a gateway to the ashen valley of Gehenna.
 50464 | Hell     | Found a gateway to the Iron City of Dis.
 50490 | Dis:1    | Entered Level 1 of the Iron City of Dis
 50494 | Dis:1    | Reached skill level 5 in Stealth
 50591 | Dis:1    | Reached XP level 27. HP: 169/306 MP: 31/31
 51042 | Dis:4    | Lost mutation: You are robust. (+10% HP) [mutagenic glow]
 51099 | Dis:5    | Gained mutation: Your magical capacity is low. (-10% MP) [mutagenic glow]
 51497 | Dis:7    | Entered Level 7 of the Iron City of Dis
 51755 | Dis:7    | Reached skill level 10 in Stealth
 51973 | Dis:7    | Noticed the Serpent of Hell
 52055 | Dis:7    | Killed the Serpent of Hell
 52092 | Dis:7    | Noticed Dispater
 52144 | Dis:7    | Killed Dispater
 52170 | Dis:7    | Got an iron rune of Zot
 52475 | Depths:3 | Voluntarily entered the Abyss.
 52757 | Abyss:2  | Found a corrupted altar of Lugonu.
 53469 | Abyss:3  | Found a corrupted altar of Lugonu.
 53991 | Abyss:3  | Found a basalt altar of Yredelemnul.
 54123 | Abyss:3  | Found a basalt altar of Yredelemnul.
 54261 | Abyss:3  | Paralysed by accursed screaming for 1 turns
 54294 | Abyss:3  | Found a basalt altar of Yredelemnul.
 54573 | Abyss:3  | Gained mutation: You tend to lose your temper in combat. [a cacodemon]
 54579 | Abyss:3  | Gained mutation: Your body sometimes deteriorates upon taking damage. [a cacodemon]
 54914 | Abyss:3  | Found a glowing golden altar of the Shining One.
 54914 | Abyss:3  | Noticed a juggernaut
 54924 | Abyss:3  | Killed a juggernaut
 54952 | Abyss:3  | Got an abyssal rune of Zot
 54979 | Depths:3 | Escaped the Abyss
 54993 | Depths:3 | Lost mutation: Your magical capacity is low. (-10% MP) [potion of cure mutation]
 54993 | Depths:3 | Lost mutation: You are agile. (Dex +2) [potion of cure mutation]
 54993 | Depths:3 | Lost mutation: Your muscles are strong. (Str +2) [potion of cure mutation]
 54993 | Depths:3 | Lost mutation: You are partially covered in molten scales. (AC +2) [potion of cure mutation]
 54993 | Depths:3 | Lost mutation: You tend to lose your temper in combat. [potion of cure mutation]
 54994 | Depths:3 | Lost mutation: Your body sometimes deteriorates upon taking damage. [potion of cure mutation]
 54994 | Depths:3 | Lost mutation: You can translocate small distances at will. [potion of cure mutation]
 55132 | Geh:1    | Entered Level 1 of Gehenna
 55348 | Geh:1    | Reached skill level 15 in Stealth
 55779 | Geh:7    | Entered Level 7 of Gehenna
 56426 | Geh:7    | Got a glittering brass amulet
 56575 | Geh:7    | Noticed Asmodeus
 56597 | Geh:7    | Killed from afar by Asmodeus

Skill      XL: |  1  2  3  4  5  6  7  8  9 10 11 12 13 14 15 16 17 18 19 20 21 22 23 24 25 26 27 |
---------------+----------------------------------------------------------------------------------+-----
Fighting       | 3 4 5 6 7 8 9 10 11 12 13 14 15 16 18 19 20 21 22 24 | 24.4
Axes           | 3 4 5 6 8 10 11 13 14 15 16 17 18 19 20 21 22 23 24 | 24.7
Shields        | 4 5 6 7 8 10 11 12 13 14 15 16 17 18 19 20 21 22 | 22.6
Armour         | 4 5 6 7 9 10 11 12 13 14 15 16 17 18 19 20 21 22 | 22.7
Evocations     | 4 7 9 10 | 10.7
Dodging        | 4 6 8 9 11 13 15 16 17 18 19 20 21 22 | 22.5
Stealth        | 5 16 | 16.2

Action                   |  1- 3 |  4- 6 |  7- 9 | 10-12 | 13-15 | 16-18 | 19-21 | 22-24 | 25-27 || total
-------------------------+-------+-------+-------+-------+-------+-------+-------+-------+-------++-------
Melee: War axe           |    79 |   251 |   433 |   923 |   170 |       |       |       |       ||  1856
       Unarmed           |    20 |       |       |       |       |       |       |       |       ||    20
       Mace              |       |       |       |       |   191 |       |       |       |       ||   191
       Broad axe         |       |       |       |       |  1579 |  1526 |  1533 |  1793 |  3724 || 10155
 Abil: Blink             |       |       |       |       |       |       |       |       |     1 ||     1
       Device Recharging |       |       |       |       |       |       |       |       |    11 ||    11
Evoke: Wand              |       |     4 |     1 |     6 |     5 |    11 |     3 |    10 |    50 ||    90
  Use: Scroll            |       |     7 |     7 |    10 |    19 |     8 |    18 |    13 |    36 ||   118
       Potion            |       |       |    11 |     2 |     4 |    10 |     2 |     1 |    33 ||    63
 Stab: Invisible         |       |       |     1 |       |    36 |       |       |       |       ||    37
       Distracted        |       |       |       |       |     1 |     1 |     3 |     1 |     4 ||    10
       Held in net/web   |       |       |       |       |       |     2 |       |       |       ||     2
       Petrifying        |       |       |       |       |       |       |       |       |     4 ||     4
  Eat: Chunk             |       |     4 |     1 |    15 |    29 |     3 |     6 |     3 |    11 ||    72
       Beef jerky        |       |     2 |       |     6 |       |     3 |     2 |     5 |     4 ||    22
       Bread ration      |       |     1 |     1 |     2 |     2 |       |     1 |     1 |     2 ||    10
       Fruit             |       |       |     7 |     9 |     9 |     8 |       |     1 |    10 ||    44
       Pizza             |       |       |     2 |     1 |     1 |     5 |     1 |     3 |     3 ||    16
       Royal jelly       |       |       |     1 |       |     1 |     2 |     1 |     1 |       ||     6
       Meat ration       |       |       |       |       |       |       |       |     1 |     3 ||     4
Armor: Scale mail        |    38 |    15 |       |       |       |       |       |       |       ||    53
       Skin              |     5 |       |       |       |       |       |       |       |       ||     5
       Chain mail        |       |   204 |   134 |       |       |       |       |       |       ||   338
       Plate armour      |       |       |    33 |   410 |   882 |   783 |   137 |       |       ||  2245
       Fire dragon scale |       |       |       |       |       |       |    22 |       |       ||    22
       Gold dragon scale |       |       |       |       |       |       |   231 |   645 |  1084 ||  1960
Dodge: Dodged            |    60 |    84 |    72 |   167 |   578 |   854 |   550 |   679 |  1958 ||  5002
Block: Shield            |    54 |   212 |   223 |   579 |  1277 |  1266 |   958 |  1276 |  2997 ||  8842
